 Dungeon Crawl Stone Soup version 0.30.0-29-ga12c61a403 (webtiles) character file.

Game seed: 10765003276950508539

39622 ChadusMaximus the Peltast (level 14, -6/116 HPs)
             Began as a Formicid Fighter on June 19, 2023.
             Was the Champion of Okawaru.
             Killed by divine providence
             ... invoked by Saint Roka
              (17 damage)
             ... on level 2 of the Orcish Mines.
             The game lasted 00:24:09 (20967 turns).

ChadusMaximus the Peltast (Formicid Fighter)       Turns: 20967, Time: 00:24:10

Health: -6/116     AC: 23    Str: 26    XL:     14   Next: 40%
Magic:  25/28      EV: 13    Int:  8    God:    Okawaru [******]
Gold:   674        SH: 13    Dex: 11    Spells: 13/13 levels left

rFire   . . .        g - +8 broad axe "Jasker" {freeze, rN+++ rCorr Int-3 Dex-2}
rCold   . . .        N - +0 kite shield
rNeg    + + +        x - +8 chain mail of Bym Loconlyrr {Regen+ MP+9 Int+3}
rPois   .            (helmet unavailable)
rElec   .            p - scarf {+Inv}
rCorr   +            F - +0 pair of gloves
SInv    +            b - +0 pair of boots
Will    +....        C - amulet of faith Stlth
                     c - ring of resist corrosion
HPRegen 1.19/turn    y - +5 ring of evasion
MPRegen 0.21/turn

%: faith
@: finesse-ful
A: permanent stasis, dig shafts and tunnels, antennae 3, four strong arms
a: Dig, Shaft Self, Renounce Religion, Evoke Invisibility, Heroism, Finesse,
Duel


You were on level 2 of the Orcish Mines.
You worshipped Okawaru.
Okawaru was exalted by your worship.
You visited 4 branches of the dungeon, and saw 21 of its levels.
You also visited: Ossuary.

You collected 1658 gold pieces.
You spent 984 gold pieces at shops.

Inventory:

Hand Weapons
 a - a +0 war axe of draining
 g - the +8 broad axe "Jasker" (weapon) {freeze, rN+++ rCorr Int-3 Dex-2}
   (You bought it in a shop on level 12 of the Dungeon)

   Int:       It affects your intelligence (-3).
   Dex:       It affects your dexterity (-2).
   rN:        It renders you almost immune to negative energy.
   rCorr:     It protects you from acid and corrosion.
 I - a +3 hand axe
 R - a +3 battleaxe of flaming
Missiles
 h - 2 atropa-tipped darts (quivered)
 s - 40 poisoned darts
 J - 22 boomerangs
 M - 2 throwing nets
Armour
 b - a +0 pair of boots (worn)
 n - a +0 cloak
 p - a scarf of invisibility (worn)
 x - the +8 chain mail of Bym Loconlyrr (worn) {Regen+ MP+9 Int+3}
   (Okawaru gifted it to you on level 1 of the Lair of Beasts)

   Int:       It affects your intelligence (+3).
   MP:        It affects your magic capacity (+9).
   Regen:     It increases your rate of health regeneration.
 D - a +0 plate armour
 F - a +0 pair of gloves (worn)
 N - a +0 kite shield (worn)
Jewellery
 c - a ring of resist corrosion (left hand)
 y - a +5 ring of evasion (right hand)
 C - an amulet of faith (around neck)
 G - an amulet of the acrobat
 O - a ring of ice
 W - an amulet of magic regeneration
Wands
 K - a wand of flame (64)
 L - a wand of acid (5)
 S - a wand of digging (3)
Scrolls
 f - 7 scrolls of identify
 k - a scroll of enchant weapon
 m - 4 scrolls of enchant armour
 q - 2 scrolls of fear
 r - 2 scrolls of immolation
 t - 2 scrolls of fog
 H - a scroll of poison
 T - 2 scrolls of amnesia {unknown}
 U - a scroll of torment {unknown}
 V - a scroll of silence {unknown}
Potions
 d - 9 potions of might
 e - 2 potions of resistance
 i - 2 potions of cancellation
 j - 3 potions of flight
 l - 2 potions of attraction
 o - 6 potions of lignification {unknown}
 u - 4 potions of invisibility {unknown}
 v - a potion of ambrosia {unknown}
 w - 10 potions of heal wounds {unknown}
 z - 2 potions of magic {unknown}
 A - 5 potions of haste {unknown}
 B - 3 potions of brilliance {unknown}
 E - 3 potions of mutation {unknown}
 P - 3 potions of degeneration {unknown}
 Q - 2 potions of curing


   Skills:
 + Level 12.9 Fighting
 + Level 11.6 Axes
 * Level 5.9 Throwing
 + Level 12.8 Armour
 + Level 15.1 Shields
 - Level 6.7 Invocations


You had 13 spell levels left.
You didn't know any spells.
Your spell library contained the following spells:

 Spells                   Type           Power      Damage    Failure   Level
 Foxfire                  Conj/Fire      0%         2x1d4     91%         1
 Magic Dart               Conj           0%         1d3       91%         1
 Searing Ray              Conj           0%         2d4       97%         2
 Sublimation of Blood     Necr           0%         N/A       97%         2
 Wereblood                Tmut           0%         N/A       97%         2
 Dazzling Flash           Conj/Hex       0%         N/A       100%        3
 Ignite Poison            Fire/Tmut/Pois 0%         N/A       100%        3
 Portal Projectile        Hex/Tloc       0%         N/A       100%        3
 Volatile Blastmotes      Fire/Tloc      0%         2d10      100%        3
 Fulminant Prism          Conj/Hex       0%         3d5       100%        4
 Iskenderun's Mystic Bla  Conj/Tloc      0%         2d3       100%        4
 Leda's Liquefaction      Hex/Erth       0%         N/A       100%        4
 Sticky Flame             Conj/Fire      0%         2d3       100%        4
 Blade Hands              Tmut           0%         N/A       100%        5
 Fireball                 Conj/Fire      0%         3d3       100%        5
 Lee's Rapid Deconstruct  Erth           0%         3d4*      100%        5
 Plasma Beam              Fire/Air       0%         2x1d11    100%        6
 Starburst                Conj/Fire      0%         6d3       100%        6
 Statue Form              Tmut/Erth      0%         N/A       100%        6
 Ignition                 Fire           0%         3d3       100%        8
 Call Canine Familiar     Summ           Unusable   N/A       N/A         3
 Tukima's Dance           Hex            Unusable   N/A       N/A         3
 Summon Hydra             Summ           Unusable   N/A       N/A         7

Dungeon Overview and Level Annotations

Branches:
Dungeon (13/15)            Temple (1/1) D:6            Lair (5/5) D:9
  Swamp (0/4) Lair:3       Spider (0/4) Lair:3        Slime (0/5) Lair:5
    Orc (2/2) D:11        Ossuary (visited)
    Elf: Orc:2       Vaults: D:13-14

Altars:
Ashenzari
Cheibriados
Dithmenos
Elyvilon
Fedhas
Gozag
Hepliaklqana
Kikubaaqudgha
Makhleb
Nemelex Xobeh
Okawaru
Qazlal
Ru
Sif Muna
Trog
Uskayaw
Vehumet
Wu Jian
Xom
Yredelemnul
Zin
The Shining One

Shops:
D:7 *   D:8 =   D:12 (   Orc:2 (?

Annotations:
D:7 2 transporters, u553311's ghost, novice OgCj
Orc:2 Saint Roka


Innate Abilities, Weirdness & Mutations

You cannot be hasted, slowed, berserked, paralysed or teleported.
You can dig through walls and to a lower floor.
You have a pair of large antennae on your head. (SInv)
Your four strong arms can wield two-handed weapons with a shield.


Message History

You block the orc warrior's attack.
You completely miss Saint Roka.
Saint Roka is heavily wounded.
You block Saint Roka's attack.
You hit Saint Roka but do no damage.
Saint Roka is heavily wounded.
You block the orc warrior's attack.
The orc suddenly jeers.
You hit Saint Roka but do no damage.
Saint Roka is heavily wounded.
Saint Roka mumbles some strange prayers to Beogh against you.
Beogh smites you!
* * * LOW HITPOINT WARNING * * *
The orc warrior hits you but does no damage.
You slash Saint Roka! You freeze Saint Roka.
Saint Roka is severely wounded.
The orc no longer looks unusually strong.
You slash Saint Roka! You freeze Saint Roka.
Saint Roka is severely wounded.
Saint Roka roars a battlecry!
The orc goes into a battle-frenzy!
The orc warrior hits you from afar with a +0 trident!
* * * LOW HITPOINT WARNING * * *
You barely miss Saint Roka.
Saint Roka is severely wounded.
You hit Saint Roka but do no damage.
Saint Roka is severely wounded.
Saint Roka hits you but does no damage. You block the orc warrior's attack.
You slash Saint Roka! You freeze Saint Roka.
Saint Roka is almost dead.
The orc warrior no longer looks unusually strong.
You barely miss Saint Roka.
Saint Roka is almost dead.
The orc warrior hits you from afar with a +0 trident!!
* * * LOW HITPOINT WARNING * * *
You slash Saint Roka! You freeze Saint Roka.
Saint Roka is almost dead.
Saint Roka invokes the aid of Beogh against you.
Beogh smites you!
You die...

.....................#.#.....#8_#
...........#........###......####
#..#....8.8........## ##...#.....
#..##.....).{..##.## ##.####...
#.....##'')##..oo..# ### #...
.... ##...).###ooo### ##.#
#8...8# ##o##.## ####### ##...##
#o#...# ##..#### {#.{.#{ #@#..##
#....##. # { +{..+ { #.)..##
##...... ##.#{ #...# {#.....####
##...#. .#.# #.8.#
#......#.###...... ...# {#3..#
#.#.......##...... ...#


ooo.' {#.........#.#..... ...# .#.T{# #..#.........#.... ...#####...#
#.......))........ ....# {{{ #........)......... You could see Saint Roka, 2 orc
warriors, an orc priest (strong), an orc wizard (strong) and 2 orcs.

Vanquished Creatures
  Jorgrun (D:12)
  Gastronok (Lair:2)
  Fannar (D:10)
  3 boulder beetles
  2 catoblepae
  A death knight (D:13)
  2 two-headed ogres (Orc:2)
  2 orc high priests (Orc:2)
  A fire crab (Lair:4)
  A skeletal warrior (D:13)
  3 orc sorcerers (Orc:2)
  5 cyclopes
  A black mamba (Lair:1)
  A gargoyle (D:12)
  3 cane toads
  3 rime drakes
  A komodo dragon (D:12)
  2 ice devils (D:12)
  7 trolls
  A meliai (Lair:3)
  A hornet (D:8)
  16 blink frogs
  11 slime creatures (D:12)
  A vampire (D:11)
  A shadow (D:12)
  3 wraiths
  21 yaks
  7 wyverns
  2 steam dragons
  3 vampire mosquitoes (D:13)
  6 basilisks
  7 wargs (Orc:2)
  An acid dragon (D:10)
  9 water moccasins
  4 ice beasts
  28 orc warriors
  5 black bears
  A sky beast (D:4)
  15 wolves
  4 ogres
  3 centaurs
  4 kobold brigands
  10 bullfrogs
  A gnoll sergeant (D:9)
  A scorpion (D:6)
  21 killer bees
  An electric eel (Orc:2)
  3 howler monkeys
  2 gnoll boudas
  3 hounds
  2 jellies
  13 orc priests
  9 iguanas
  An iron imp (D:5)
  3 sleepcaps
  18 orc wizards
  8 mummies (Ossuary)
  16 gnolls
  5 adders
  2 white imps (D:7)
  A dart slug (D:5)
  82 orcs
  9 bats
  8 endoplasms
  3 giant cockroaches
  2 gnoll zombies (Ossuary)
  8 goblins
  4 hobgoblins
  7 jackals
  3 quokkas (D:2)
  6 ball pythons
  2 frilled lizards (D:1)
  3 hobgoblin zombies (Ossuary)
  26 kobolds
  2 kobold zombies (Ossuary)
  An orc zombie (Ossuary)
  3 rats
484 creatures vanquished.

Vanquished Creatures (others)
  2 deep elf pyromancers (D:12)
  An orc wizard (D:6)
  An orc (D:4)
  A kobold (D:10)
5 creatures vanquished.

Grand Total: 489 creatures vanquished

Notes
Turn   | Place    | Note
-------+----------+-------------------------------------------
     0 | D:1      | ChadusMaximus the Formicid Fighter began the quest for the
                  | Orb.
     0 | D:1      | Reached XP level 1. HP: 18/18 MP: 1/1
   135 | D:1      | Reached XP level 2. HP: 22/24 MP: 2/2
   858 | D:2      | Reached XP level 3. HP: 21/29 MP: 3/3
  1184 | D:2      | Reached XP level 4. HP: 21/37 MP: 4/4
  1706 | D:2      | Reached skill level 5 in Shields
  1706 | D:2      | Reached XP level 5. HP: 37/42 MP: 5/5
  2322 | D:3      | Found a glowing silver altar of Zin.
  2585 | D:4      | Noticed a sky beast
  2585 | D:4      | Found a stormy altar of Qazlal.
  2607 | D:4      | Killed a sky beast
  2608 | D:4      | Reached XP level 6. HP: 7/49 MP: 6/6
  2968 | D:4      | You fall into a shaft and drop 3 floors!
  3095 | D:7      | Found a sand-covered staircase.
  3103 | Ossuary  | Entered an ossuary
  3187 | Ossuary  | Reached XP level 7. HP: 36/55 MP: 7/7
  3192 | Ossuary  | Reached skill level 6 in Shields
  3195 | Ossuary  | Reached skill level 5 in Armour
  3338 | Ossuary  | Reached skill level 5 in Fighting
  3656 | D:6      | Found a staircase to the Ecumenical Temple.
  3706 | D:6      | Found a white marble altar of Elyvilon.
  3752 | Temple   | Entered the Ecumenical Temple
  3762 | Temple   | Became a worshipper of Warmaster Okawaru
  3796 | D:6      | Found a basalt altar of Yredelemnul.
  4103 | D:6      | Reached skill level 1 in Invocations
  4243 | D:6      | You fall into a shaft and drop 3 floors!
  4388 | D:7      | Found a hazy altar of Hepliaklqana.
  4388 | D:7      | Found a glowing golden altar of the Shining One.
  4388 | D:7      | Found an opulent altar of Gozag.
  4388 | D:7      | Found a shimmering blue altar of Sif Muna.
  4389 | D:7      | Found a shadowy altar of Dithmenos.
  4398 | D:7      | Noticed a water moccasin
  4409 | D:7      | Killed a water moccasin
  4410 | D:7      | Reached XP level 8. HP: 29/63 MP: 9/9
  4554 | D:7      | Found Elarr's Hallowed Reliquary.
  4559 | D:7      | Noticed an angel
  4682 | D:7      | Noticed a two-headed ogre
  4694 | D:7      | Found a bloodstained altar of Trog.
  4702 | D:7      | Noticed u553311's ghost (novice OgCj)
  4718 | D:7      | Noticed a moth of wrath
  4760 | D:7      | Found a transporter.
  4764 | D:7      | Found a transporter.
  4820 | D:7      | Reached * piety under Okawaru
  5379 | D:6      | Reached skill level 7 in Shields
  5611 | D:6      | Found a shimmering altar of Xom.
  5812 | D:5      | Entered Level 5 of the Dungeon
  5952 | D:4      | Reached skill level 5 in Axes
  6549 | D:4      | Reached XP level 9. HP: 50/69 MP: 12/12
  6750 | D:4      | Reached skill level 5 in Invocations
  6938 | D:5      | Found a burning altar of Makhleb.
  6938 | D:5      | Noticed a blizzard demon
  7561 | D:5      | Found a snail-covered altar of Cheibriados.
  7704 | D:6      | Reached skill level 8 in Shields
  8101 | D:6      | You fall into a shaft and drop 1 floor!
  8301 | D:6      | Reached ** piety under Okawaru
  8825 | D:7      | Found a bloodstained altar of Trog.
  9547 | D:8      | Reached skill level 1 in Throwing
  9729 | D:8      | Found Nigoiqes's Jewellery Shop.
  9738 | D:8      | Reached XP level 10. HP: 79/79 MP: 15/15
 10574 | D:9      | Reached skill level 9 in Shields
 10778 | D:9      | Reached *** piety under Okawaru
 10791 | D:9      | You fall into a shaft and drop 2 floors!
 11026 | D:10     | Entered Level 10 of the Dungeon
 11029 | D:10     | Noticed Fannar
 11068 | D:10     | HP: 3/79 [Fannar/+0 quarterstaff of freezing (4)]
 11070 | D:10     | Killed Fannar
 11318 | D:10     | Identified the +1 helmet of Light {+Inv Will- Dex+6}
 11534 | D:10     | Found a broken altar of Ashenzari.
 11579 | D:9      | Reached skill level 5 in Throwing
 11620 | D:9      | HP: 3/80 [basilisk (2)]
 11621 | D:9      | HP: 1/80 [orc warrior/+0 trident (3)]
 11625 | D:9      | You fall into a shaft and drop 3 floors!
 11934 | D:10     | Reached XP level 11. HP: 59/86 MP: 16/16
 12072 | D:9      | Reached **** piety under Okawaru
 12119 | D:10     | Reached skill level 10 in Shields
 12626 | D:9      | Found a staircase to the Lair.
 13598 | D:11     | Noticed a cyclops
 13602 | D:11     | Killed a cyclops
 13645 | Lair:1   | Entered Level 1 of the Lair of Beasts
 13728 | Lair:1   | Reached ***** piety under Okawaru
 14002 | Lair:1   | Noticed a boulder beetle
 14030 | Lair:1   | Killed a boulder beetle
 14030 | Lair:1   | Identified the +8 chain mail of Bym Loconlyrr {Regen+ MP+9
                  | Int+3} (Okawaru gifted it to you on level 1 of the Lair of
                  | Beasts)
 14030 | Lair:1   | Received a gift from Okawaru
 14031 | Lair:1   | Reached skill level 11 in Shields
 14575 | Lair:1   | You fall into a shaft and drop 1 floor!
 14595 | Lair:2   | Noticed Gastronok
 14605 | Lair:2   | Killed Gastronok
 14606 | Lair:2   | Reached XP level 12. HP: 33/97 MP: 17/17
 14807 | Lair:2   | Reached skill level 10 in Armour
 14822 | Lair:2   | Noticed a catoblepas
 14835 | Lair:2   | Killed a catoblepas
 14836 | Lair:2   | Reached skill level 10 in Fighting
 14908 | Lair:1   | Reached skill level 12 in Shields
 15027 | Lair:2   | Noticed a boulder beetle
 15054 | Lair:2   | Killed a boulder beetle
 15950 | Lair:3   | Found a hole to the Spider Nest.
 16009 | Lair:3   | Found a staircase to the Swamp.
 16223 | Lair:3   | Received a gift from Okawaru
 16762 | Lair:4   | Reached skill level 13 in Shields
 16870 | Lair:4   | Reached XP level 13. HP: 106/106 MP: 18/18
 17086 | Lair:4   | Reached skill level 10 in Axes
 17166 | Lair:4   | Noticed a catoblepas
 17184 | Lair:4   | Killed a catoblepas
 17184 | Lair:4   | Identified the +3 hand crossbow of Compulsion {drain, Int+8
                  | Dex+2} (Okawaru gifted it to you on level 4 of the Lair of
                  | Beasts)
 17184 | Lair:4   | Received a gift from Okawaru
 17845 | Lair:5   | Entered Level 5 of the Lair of Beasts
 17845 | Lair:5   | Noticed an eight-headed hydra
 18325 | D:11     | Found a staircase to the Orcish Mines.
 18709 | D:12     | Found Yqenaist's Weapon Shoppe.
 18715 | D:12     | Bought the +8 broad axe "Jasker" {freeze, rN+++ rCorr Int-3
                  | Dex-2} for 984 gold pieces
 18771 | D:12     | Reached skill level 14 in Shields
 18860 | D:12     | Identified the +3 broad axe of Ohobilif {heavy, rCorr Str+2
                  | Dex+8 Stlth-} (Okawaru gifted it to you on level 12 of the
                  | Dungeon)
 18860 | D:12     | Received a gift from Okawaru
 19105 | D:12     | Noticed Jorgrun
 19118 | D:12     | Killed Jorgrun
 19612 | D:13     | Received a gift from Okawaru
 19613 | D:13     | Reached XP level 14. HP: 52/116 MP: 19/19
 19708 | Orc:1    | Entered Level 1 of the Orcish Mines
 20019 | Orc:2    | Entered Level 2 of the Orcish Mines
 20121 | Orc:2    | Found Esoz's Magic Scroll Shoppe.
 20373 | Orc:2    | Reached ****** piety under Okawaru
 20435 | Orc:2    | Received a gift from Okawaru
 20436 | Orc:2    | Reached skill level 15 in Shields
 20843 | Orc:2    | Received a gift from Okawaru
 20858 | Orc:2    | Found Savynkay's Weapon Shoppe.
 20909 | Orc:2    | Noticed Saint Roka
 20967 | Orc:2    | Killed from afar by Saint Roka

Illustrated notes

Levels and vault maps discovered:
D:1:      wander_arrival_fairy_ring, layout_basic
D:2:      layout_basic, serial_corexii_hall, chequers_hall_statues_wall_a,
          corexii_hall_statues_x
D:3:      layout_basic, mainiacjoe_overflow_alcove_2, serial_forest,
          infiniplex_forest_diagonal, infiniplex_forest_clump_curved,
          infiniplex_forest_pool, infiniplex_forest_lined_2,
          infiniplex_forest_clump_double, infiniplex_forest_straight_3,
          infiniplex_forest_3_way
D:4:      layout_basic, nicolae_qazlal_beasts_of_the_sky
D:5:      layout_cave_pods, makhleb_altar_promises_db, slow_altar_2,
          grunt_ministairs_2
D:6:      layout_loops_ring, nicolae_overflow_crystal_walls,
          mainiacjoe_overflow_paths, tgw_xom,
          minmay_temple_entry_enclosed_plants
D:7:      layout_basic, grunt_temple_overflow_open,
          mainiacjoe_overflow_brackets, gammafunk_ghost_wrathful_warriors,
          lightli_ossuary_entry_decrepit_ruins, nicolae_good_shop
D:8:      layout_loops_ring, minmay_shop_enchanted_jewellery,
          grunt_decor_resistance, chequers_serial_rivers_room_a
D:9:      layout_roguey, minmay_lair_entry_grove, enter_bailey_5, chequers_jeans
D:10:     layout_cave_pools, ashenzari_conservatory_becter,
          chequers_mini_garden, minmay_curled_crystal, uniq_fannar
D:11:     layout_basic, david_orc_2
D:12:     layout_irregular_city, portal_ice_cave_demonic_guard, serial_shops,
          nicolae_diamond_shop, lemuel_flamethrower_hall, uniq_jorgrun
D:13:     cheibrodos_body_horror, layout_long_grid, david_vaults_3, drop_trap,
          uniq_nessos, uniq_rupert
Temple:   hellmonk_temple_micro_hex
Lair:1:   layout_roguey, grunt_megastairs_4
Lair:2:   layout_chaotic_city, grunt_megastairs_3, serial_bayou_shore_b,
          lemuel_fruit_tree, uniq_gastronok
Lair:3:   layout_cave_shapes, swamp_mist_pool,
          hellmonk_spider_entry_not_the_bees, nicolae_quartered_pool_medium
Lair:4:   layout_cave_pods
Lair:5:   minmay_lair_end_enchanted_forest, layout_gridlike, slime_entry_2,
          enter_volcano_1, grunt_megastairs_5
Orc:1:    layout_caves
Orc:2:    grunt_orc_community_town_hall, layout_caves,
          grunt_orc_community_big_house_2, grunt_orc_community_big_house_2,
          grunt_orc_community_house_2, grunt_orc_community_house_3,
          grunt_orc_community_house_2, grunt_orc_community_house_2,
          grunt_orc_community_house_2, serial_shops, nicolae_shop_behind_doors,
          nicolae_orc_pool_cavern, mines5_lemuel

Skill      XL: |  1  2  3  4  5  6  7  8  9 10 11 12 13 14 |
---------------+-------------------------------------------+-----
Fighting       | 4 5 6 7 8 9 11 12 | 12.9
Armour         | 4 5 6 7 8 9 11 12 | 12.8
Shields        | 5 6 7 8 9 11 13 14 15 | 15.1
Axes           | 3 4 5 6 7 8 9 11 | 11.6
Invocations    | 2 4 6 |  6.7
Throwing       | 1 5 |  5.9

Action                     |  1- 3 |  4- 6 |  7- 9 | 10-12 | 13-15 || total
---------------------------+-------+-------+-------+-------+-------++-------
  Melee: War axe           |    79 |   143 |   368 |   246 |       ||   836
         Hand axe          |       |       |    94 |       |       ||    94
         Battleaxe         |       |       |       |   250 |   116 ||   366
         Broad axe         |       |       |       |       |   374 ||   374
  Throw: Dart              |       |     3 |     2 |       |       ||     5
         Boomerang         |       |       |       |    32 |     4 ||    36
         Javelin           |       |       |       |       |     2 ||     2
 Invoke: Heroism           |       |       |     2 |    12 |     4 ||    18
         Finesse           |       |       |       |       |     1 ||     1
Ability: Shaft Self        |       |       |     2 |     2 |       ||     4
    Use: Scroll            |       |       |       |    21 |     1 ||    22
         Potion            |       |       |       |     1 |       ||     1
   Stab: Petrified         |       |       |       |       |     2 ||     2
 Armour: Scale mail        |    43 |    55 |    35 |       |       ||   133
         Plate armour      |       |       |   235 |   235 |       ||   470
         Chain mail        |       |       |       |   106 |   182 ||   288
  Dodge: Dodged            |    40 |    89 |   158 |   243 |   161 ||   691
  Block: Buckler           |    22 |    41 |   136 |    38 |       ||   237
         Kite shield       |       |       |       |   332 |   267 ||   599
